BSA
SPRINGFIELD STARS @ ORLANDO CALRISSIAN
07/20/2027
 
TOP OF THE 1ST
Springfield Stars batting - Pitching for Orlando Calrissian : RHP Reagan Wear
Pitching: RHP Reagan Wear
Batting: RHB Norberto Taváres 0-0: Foul Ball, location: 2F
0-1: Ball
1-1: Foul Ball, location: 2F
1-2: Ball
2-2: Foul Ball, location: 2F
2-2: Ball
3-2: Fly out, F8 (Flyball, 8LM)
Batting: RHB Calvin Bennett 0-0: Called Strike
0-1: Ball
1-1: Swinging Strike
1-2: Foul Ball, location: 2F
1-2: Ball
2-2: Ball
3-2: Fly out, F7 (Flyball, 78S)
Batting: LHB Derek Davidson 0-0: Called Strike
0-1: Foul Ball, location: 2F
0-2: Strikes out swinging
Top of the 1st over - 0 run(s), 0 hit(s), 0 error(s), 0 left on base; Springfield 0 - Orlando 0
BOTTOM OF THE 1ST
Orlando Calrissian batting - Pitching for Springfield Stars : LHP Brock Morris
Pitching: LHP Brock Morris
Batting: RHB José Pérez 0-0: Called Strike
0-1: Called Strike
0-2: Single, Error in OF, E7, batter to second base
Batting: RHB Pepe González 0-0: Ball
1-0: Ball
2-0: Ball
3-0: Called Strike
3-1: Base on Balls
Batting: RHB Rich Anderson 0-0: Called Strike
0-1: Ball
1-1: Foul Ball, location: 2F
1-2: Foul Ball, location: 2F
1-2: Ball
2-2: Foul Ball, location: 2F
2-2: Fly out, F4 (Popup, 34)
Batting: RHB Raúl Canó 0-0: Called Strike
José Pérez steals 3rd base
Pepe González to second
0-1: Ball
1-1: SINGLE (Groundball, 56D)
José Pérez scores
Pepe González to third
Runner from 3rd tries for Home, SAFE, throw made home
Raúl Canó to second
Batting: LHB Santiago Márquez 0-0: SINGLE (Flyball, 8LS)
Raúl Canó to third
Batting: RHB Frederico Hernández 0-0: Called Strike
0-1: Ground out 6-3 (Groundball, 6S)
Raúl Canó scores
Santiago Márquez to second
Batting: SHB Brian Price 0-0: Ball
1-0: Ground out 5-3 (Groundball, 5S)
Bottom of the 1st over - 3 run(s), 3 hit(s), 1 error(s), 1 left on base; Springfield 0 - Orlando 3
TOP OF THE 2ND
Springfield Stars batting - Pitching for Orlando Calrissian : RHP Reagan Wear
Batting: LHB Felipe Guerrero 0-0: Ball
1-0: Foul Ball, location: 2F
1-1: Ball
2-1: Foul Ball, location: 2F
2-2: Ball
3-2: Foul Ball, location: 2F
3-2: Foul Ball, location: 2F
3-2: Strikes out swinging
Batting: LHB Elliott Newell 0-0: Called Strike
0-1: Foul Ball, location: 2F
0-2: Strikes out swinging
Batting: SHB Shane Hutchinson 0-0: Ball
1-0: Foul Ball, location: 2F
1-1: Foul Ball, location: 2F
1-2: Foul Ball, location: 2F
1-2: Fly out, F7 (Flyball, 78S)
Top of the 2nd over - 0 run(s), 0 hit(s), 0 error(s), 0 left on base; Springfield 0 - Orlando 3
BOTTOM OF THE 2ND
Orlando Calrissian batting - Pitching for Springfield Stars : LHP Brock Morris
Batting: RHB Enrique Bermúdez 0-0: Ball
1-0: SINGLE (Groundball, 6MD)
Batting: RHB John Moore 0-0: Fly out, F8 (Flyball, 78M)
Batting: RHB José Pérez 0-0: Called Strike
0-1: Called Strike
0-2: Foul Ball, location: 2F
0-2: Grounds into double play, 6-4-3 (Groundball, 6)
Bottom of the 2nd over - 0 run(s), 1 hit(s), 0 error(s), 0 left on base; Springfield 0 - Orlando 3
TOP OF THE 3RD
Springfield Stars batting - Pitching for Orlando Calrissian : RHP Reagan Wear
Batting: RHB Juan Carlos Rodríguez 0-0: SINGLE (Line Drive, 6MD)
Batting: RHB Ed Watkins 0-0: Called Strike
0-1: Ball
1-1: Ground out 5-3 (Groundball, 56S)
Juan Carlos Rodríguez to second
Batting: RHB Will Sterling 0-0: Fly out, F7 (Flyball, 78M)
Batting: RHB Norberto Taváres 0-0: Ball
1-0: Called Strike
1-1: Ball
2-1: Foul Ball, location: 2F
2-2: Ball
3-2: Foul Ball, location: 2F
3-2: Ground out 4-3 (Groundball, 4)
Top of the 3rd over - 0 run(s), 1 hit(s), 0 error(s), 1 left on base; Springfield 0 - Orlando 3
BOTTOM OF THE 3RD
Orlando Calrissian batting - Pitching for Springfield Stars : LHP Brock Morris
Batting: RHB Pepe González 0-0: Foul Ball, location: 2F
0-1: Ball
1-1: Foul Ball, location: 2F
1-2: Ball
2-2: Ground out U3 (Groundball, 34)
Batting: RHB Rich Anderson 0-0: Ball
1-0: Ball
2-0: Ball
3-0: Called Strike
3-1: Foul Ball, location: 2F
3-2: Base on Balls
Batting: RHB Raúl Canó 0-0: Called Strike
0-1: Called Strike
0-2: Fly out, F7 (Flyball, 7S)
Batting: LHB Santiago Márquez 0-0: Ball
1-0: Called Strike
1-1: Swinging Strike
1-2: Ball
2-2: Ball
3-2: Strikes out looking
Bottom of the 3rd over - 0 run(s), 0 hit(s), 0 error(s), 1 left on base; Springfield 0 - Orlando 3
TOP OF THE 4TH
Springfield Stars batting - Pitching for Orlando Calrissian : RHP Reagan Wear
Batting: RHB Calvin Bennett 0-0: Ball
1-0: Ball
2-0: Foul Ball, location: 2F
2-1: Foul Ball, location: 2F
2-2: Ball
3-2: Base on Balls
Batting: LHB Derek Davidson 0-0: Ball
Calvin Bennett steals 2nd base
1-0: Fly out, F3 (Line Drive, 3)
Batting: LHB Felipe Guerrero 0-0: Foul Ball, location: 2F
0-1: Foul Ball, location: 2F
0-2: Ball
1-2: Fly out, F8 (Flyball, 8RM)
Runner from 2nd tags up, SAFE at 3rd with throw
Batting: LHB Elliott Newell 0-0: Ground out 6-3 (Groundball, 6)
Top of the 4th over - 0 run(s), 0 hit(s), 0 error(s), 1 left on base; Springfield 0 - Orlando 3
BOTTOM OF THE 4TH
Orlando Calrissian batting - Pitching for Springfield Stars : LHP Brock Morris
Batting: RHB Frederico Hernández 0-0: Foul Ball, location: 2F
0-1: Ball
1-1: Fly out, F6 (Line Drive, 6)
Batting: SHB Brian Price 0-0: Ball
1-0: Swinging Strike
1-1: Foul Ball, location: 2F
1-2: Ball
2-2: Foul Ball, location: 2F
2-2: Ball
3-2: SINGLE (Flyball, 89S)
Batting: RHB Enrique Bermúdez 0-0: Called Strike
0-1: Fly out, F7 (Flyball, 7)
Batting: RHB John Moore 0-0: Ball
1-0: Swinging Strike
1-1: Foul Ball, location: 2F
1-2: Foul Ball, location: 2F
1-2: SINGLE (Groundball, 4) (infield hit)
Brian Price to second
Batting: RHB José Pérez 0-0: Ball
1-0: Called Strike
1-1: Called Strike
1-2: Strikes out looking
Bottom of the 4th over - 0 run(s), 2 hit(s), 0 error(s), 2 left on base; Springfield 0 - Orlando 3
TOP OF THE 5TH
Springfield Stars batting - Pitching for Orlando Calrissian : RHP Reagan Wear
Batting: SHB Shane Hutchinson 0-0: Ground out 4-3 (Groundball, 34)
Batting: RHB Juan Carlos Rodríguez 0-0: Ball
1-0: Called Strike
1-1: Foul Ball, location: 2F
1-2: Ball
2-2: Foul Ball, location: 2F
2-2: Strikes out swinging
Batting: RHB Ed Watkins 0-0: Ball
1-0: Foul Ball, location: 2F
1-1: Ball
2-1: Fly out, F9 (Line Drive, 89D)
Top of the 5th over - 0 run(s), 0 hit(s), 0 error(s), 0 left on base; Springfield 0 - Orlando 3
BOTTOM OF THE 5TH
Orlando Calrissian batting - Pitching for Springfield Stars : LHP Brock Morris
Batting: RHB Pepe González 0-0: Ball
1-0: DOUBLE (Flyball, 78D)
Pinch Runner at 2nd Jaime Montés:
Batting: RHB Rich Anderson 0-0: Ground out 5-3 (Groundball, 56)
Batting: RHB Raúl Canó 0-0: Called Strike
0-1: SINGLE (Line Drive, 4M)
Jaime Montés to third
Runner from 3rd tries for Home, SAFE, throw made home
Raúl Canó to second
Batting: LHB Santiago Márquez 0-0: Called Strike
0-1: Ball
1-1: Fly out, F8 (Flyball, 8RD)
Runner from 2nd tags up, SAFE at 3rd, no throw
Batting: RHB Frederico Hernández 0-0: Foul Ball, location: 2F
0-1: Swinging Strike
0-2: Fly out, F7 (Flyball, 78M)
Bottom of the 5th over - 1 run(s), 2 hit(s), 0 error(s), 1 left on base; Springfield 0 - Orlando 4
TOP OF THE 6TH
Springfield Stars batting - Pitching for Orlando Calrissian : RHP Reagan Wear
Now at 1B: Jaime Montés
Batting: RHB Will Sterling 0-0: Swinging Strike
0-1: Ball
1-1: Swinging Strike
1-2: Ball
2-2: Foul Ball, location: 2F
2-2: Strikes out swinging
Batting: RHB Norberto Taváres 0-0: Ball
1-0: Foul Ball, location: 2F
1-1: Called Strike
1-2: SINGLE (Line Drive, 7S)
Batting: RHB Calvin Bennett 0-0: Ball
Passed Ball!
Norberto Taváres to second
1-0: Swinging Strike
1-1: Ball
2-1: TRIPLE (Flyball, 9D)
Norberto Taváres scores
Batting: LHB Derek Davidson 0-0: Called Strike
0-1: Ball
1-1: Ball
2-1: Foul Ball, location: 2F
2-2: SINGLE (Groundball, 34D)
Calvin Bennett scores
Pitching: RHP Gerardo García
Batting: LHB Felipe Guerrero 0-0: Ball
1-0: Called Strike
1-1: Ball
2-1: SINGLE (Line Drive, 9S)
Derek Davidson to second
Batting: LHB Elliott Newell 0-0: Called Strike
0-1: Ball
1-1: Ball
2-1: Ball
3-1: Foul Ball, location: 2F
3-2: Fly out, F8 (Flyball, 8RD)
Runner from 2nd tags up, SAFE at 3rd, no throw
Batting: SHB Shane Hutchinson 0-0: Called Strike
0-1: Swinging Strike
0-2: Ball
1-2: Strikes out swinging
Top of the 6th over - 2 run(s), 4 hit(s), 0 error(s), 2 left on base; Springfield 2 - Orlando 4
BOTTOM OF THE 6TH
Orlando Calrissian batting - Pitching for Springfield Stars : LHP Brock Morris
Batting: SHB Brian Price 0-0: Called Strike
0-1: Ball
1-1: Ball
2-1: Called Strike
2-2: Foul Ball, location: 2F
2-2: Ground out 4-3 (Groundball, 4)
Batting: RHB Enrique Bermúdez 0-0: Ball
1-0: Swinging Strike
1-1: Swinging Strike
1-2: Reached on error, E1 (Groundball, 13S)
Batting: RHB John Moore 0-0: Ball
1-0: Ball
2-0: Ground out 6-3 (Groundball, 6)
Batting: RHB José Pérez 0-0: Foul Ball, location: 2F
0-1: SINGLE (Groundball, 6MD)
Enrique Bermúdez to third
Runner from 3rd tries for Home, SAFE, no throw
Batting: SHB Jaime Montés 0-0: Ball
1-0: Foul Ball, location: 2F
1-1: Called Strike
José Pérez steals 2nd base
1-2: Fly out, F9 (Flyball, 9LM)
Bottom of the 6th over - 1 run(s), 1 hit(s), 1 error(s), 1 left on base; Springfield 2 - Orlando 5
TOP OF THE 7TH
Springfield Stars batting - Pitching for Orlando Calrissian : RHP Gerardo García
Batting: RHB Juan Carlos Rodríguez 0-0: Ground out 5-3 (Groundball, 56S)
Batting: RHB Ed Watkins 0-0: Foul Ball, location: 2F
0-1: Swinging Strike
0-2: Ball
1-2: Strikes out swinging
Batting: RHB Will Sterling 0-0: Called Strike
0-1: Swinging Strike
0-2: Ball
1-2: Strikes out swinging
Top of the 7th over - 0 run(s), 0 hit(s), 0 error(s), 0 left on base; Springfield 2 - Orlando 5
BOTTOM OF THE 7TH
Orlando Calrissian batting - Pitching for Springfield Stars : LHP Brock Morris
Pitching: RHP Luis Cortéz
Batting: RHB Rich Anderson 0-0: Called Strike
0-1: Foul Ball, location: 2F
0-2: Ball
1-2: Ball
2-2: Ground out 5-3 (Groundball, 5S)
Batting: RHB Raúl Canó 0-0: Swinging Strike
0-1: Ball
1-1: Swinging Strike
1-2: Strikes out looking
Batting: LHB Santiago Márquez 0-0: Ball
1-0: Ball
2-0: SINGLE (Groundball, 4MD)
Batting: RHB Frederico Hernández 0-0: Called Strike
0-1: Foul Ball, location: 2F
0-2: Fielders Choice at 2nd, 5-4 (Groundball, 5)
Bottom of the 7th over - 0 run(s), 1 hit(s), 0 error(s), 0 left on base; Springfield 2 - Orlando 5
TOP OF THE 8TH
Springfield Stars batting - Pitching for Orlando Calrissian : RHP Gerardo García
Batting: RHB Norberto Taváres 0-0: Foul Ball, location: 2F
0-1: Called Strike
0-2: Ball
1-2: Fly out, F9 (Flyball, 9LMF)
Batting: RHB Calvin Bennett 0-0: SINGLE (Line Drive, 6M)
Pitching: RHP Dave Heath
Batting: LHB Derek Davidson 0-0: Ball
1-0: Foul Ball, location: 2F
1-1: Called Strike
1-2: SINGLE (Groundball, 4D)
Calvin Bennett to second
Runner from 2nd tries for 3rd, SAFE, no throw
Pitching: LHP Keith Jennings
Batting: LHB Felipe Guerrero 0-0: Called Strike
0-1: Ball
1-1: Foul Ball, location: 2F
1-2: Foul Ball, location: 2F
1-2: Ball
2-2: Foul Ball, location: 2F
2-2: Strikes out looking
Batting: LHB Elliott Newell 0-0: Ball
Wild Pitch!
Calvin Bennett scores
Derek Davidson to second
1-0: Foul Ball, location: 2F
1-1: Ball
2-1: Ground out 1-3 (Groundball, 13S)
Top of the 8th over - 1 run(s), 2 hit(s), 0 error(s), 1 left on base; Springfield 3 - Orlando 5
BOTTOM OF THE 8TH
Orlando Calrissian batting - Pitching for Springfield Stars : RHP Luis Cortéz
Batting: SHB Brian Price 0-0: Called Strike
0-1: Ball
1-1: Swinging Strike
1-2: Strikes out swinging
Batting: RHB Enrique Bermúdez 0-0: Called Strike
0-1: Foul Ball, location: 2F
0-2: Foul Ball, location: 2F
0-2: Strikes out swinging
Batting: RHB John Moore 0-0: Called Strike
0-1: Ball
1-1: Swinging Strike
1-2: Foul Ball, location: 2F
1-2: Strikes out swinging
Bottom of the 8th over - 0 run(s), 0 hit(s), 0 error(s), 0 left on base; Springfield 3 - Orlando 5
TOP OF THE 9TH
Springfield Stars batting - Pitching for Orlando Calrissian : LHP Keith Jennings
Pitching: LHP Xavier Velázquez
Batting: SHB Shane Hutchinson 0-0: Ball
1-0: Ball
2-0: Ball
3-0: Base on Balls
Batting: RHB Juan Carlos Rodríguez 0-0: Fly out, F7 (Flyball, 7S)
Batting: RHB Ed Watkins 0-0: Called Strike
0-1: Ball
1-1: Ball
2-1: Ball
3-1: Base on Balls
Shane Hutchinson to second
Batting: RHB Will Sterling 0-0: Ball
1-0: Ball
2-0: Called Strike
2-1: Foul Ball, location: 2F
Balk!
Shane Hutchinson to third
Ed Watkins to second
2-2: Ball
3-2: Base on Balls
Batting: RHB Norberto Taváres 0-0: Foul Ball, location: 2F
0-1: Foul Ball, location: 2F
0-2: Ball
1-2: Foul Ball, location: 2F
1-2: Grounds into double play, 6-4-3 (Groundball, 6)
Top of the 9th over - 0 run(s), 0 hit(s), 0 error(s), 2 left on base; Springfield 3 - Orlando 5
Thursday, March 30th, 2017 - OOTP Baseball 17.12 Build 75